Description

MARU vs REYNOR: Best Series of the Esports World Cup

Game 1

VOD

https://www.youtube.com/watch?v=1QEaEsIcCPw&ab_channel=PiGCasts

Build Order

Get SALT Encoding   

  14  0:18  Supply Depot  
  16  0:39  Barracks  
  16  0:43  Refinery  Refinery-1
  19  1:28  Reaper, Orbital Command  on CC-1
  20  1:38  Command Center  CC-2
  20  1:50  Supply Depot  
  21  2:01  Marine  
  23  2:13  Factory  Factory-1
  24  2:26  Barracks Reactor  
  25  2:39  Command Center  CC-3
  26  2:51  Orbital Command  on CC-2
  27  2:57  Factory  Factory-2
  28  3:06  Action  swap Factory-1 onto Barracks Reactor
  28  3:10  Hellion  
  34  3:25  Marine  
  37  3:31  Hellion x2  
  41  3:35  Factory  Factory-3
  42  3:40  Hellion  from Factory-2 (no addon)
  45  3:43  Refinery  Refinery-2
  45  3:45  Barracks Tech Lab  
  45  3:51  Orbital Command  on CC-3
  46  3:58  Hellion x2  continue Hellion production (missing prod tab in replay)
  60  4:21  Refinery  Refinery-3
  63  4:27  Supply Depot  
Spawning Tool Build Advisor. Get it on Overwolf

Go to:

Details

  • Created by: IcebergSlim
  • Published on: Aug 18, 2025
  • Modified on: Aug 19, 2025
  • Patch: 5.0.11
  • Difficulty: Hard
Show
View Real Time Build Order
Export as new Build Order

Comments (0)

There are no comments. Be the first!

Create an account to comment!